 Dungeon Crawl Stone Soup version 0.23.1 (webtiles) character file.

Game seed: 3493575384644818058

910 Fang the Skirmisher (level 8, -3/76 HPs)
             Began as a Gargoyle Berserker on Mar 13, 2019.
             Was a Priest of Trog.
             Killed by divine providence
             ... invoked by an orc priest
              (12 damage)
             ... on level 5 of the Dungeon.
             The game lasted 00:04:34 (3176 turns).

Fang the Skirmisher (Gargoyle Berserker)            Turns: 3176, Time: 00:04:34

Health: -3/76      AC: 15    Str: 27    XL:     8   Next: 8%
Magic:  0/8        EV: 10    Int:  9    God:    Trog [***...]
Gold:   25         SH:  0    Dex:  9    Spells: 7/7 levels left

rFire    . . .     SeeInvis +   a - +0 hand axe
rCold    . . .     Gourm    .   (no shield)
rNeg     + . .     Faith    .   d - +0 chain mail
rPois    ∞         Spirit   +   (no helmet)
rElec    +         Reflect  .   (no cloak)
rCorr    .         Harm     .   (no gloves)
MR       .....                  (no boots)
Stlth    ..........             o - amulet of guardian spirit
HPRegen  0.22/turn              f - ring of attention (curse)
MPRegen  0.11/turn              t - ring of see invisible

@: berserking, very quick
A: negative energy resistance 1, electricity resistance, unbreathing,
petrification resistance, rot immunity, AC +5
a: Berserk, Trog's Hand, Renounce Religion


You were on level 5 of the Dungeon.
You worshipped Trog.
Trog was most pleased with you.
You were not hungry.

You visited 1 branch of the dungeon, and saw 5 of its levels.

You collected 250 gold pieces.
You spent 225 gold pieces at shops.

Inventory:

Hand Weapons
 a - a +0 hand axe (weapon)
Armour
 d - a +0 chain mail (worn)
Jewellery
 f - a cursed ring of attention (left hand)
 m - an uncursed amulet of regeneration
 o - an amulet of guardian spirit (around neck)
 t - a ring of see invisible (right hand)
Wands
 b - a wand of disintegration (15)
Scrolls
 e - a scroll of immolation {unknown}
 h - a scroll of blinking {unknown}
 i - 4 scrolls of remove curse {unknown}
 j - 4 scrolls of identify {unknown}
 p - 2 scrolls of teleportation {unknown}
 s - a scroll of noise {unknown}
 u - a scroll of fear {unknown}
Potions
 g - a potion of brilliance {unknown}
 k - 2 potions of haste
 l - a potion of cancellation {unknown}
 n - a potion of agility {unknown}
 q - a potion of lignification {unknown}
 r - a potion of curing {unknown}
Comestibles
 c - 3 rations


   Skills:
 + Level 5.9 Fighting
 + Level 4.9 Axes
 + Level 5.3 Armour
 + Level 3.9 Dodging


You had 7 spell levels left.
You didn't know any spells.
Your spell library was empty.

Dungeon Overview and Level Annotations

Branches:
Dungeon (6/15)
 Temple: D:4-7

Altars:
Hepliaklqana
Qazlal

Shops:
D:6 %:?=


Innate Abilities, Weirdness & Mutations

You are resistant to torment.
Your stone body is resilient. (AC +5)
You are immune to poison.
You resist negative energy. (rN+)
You are resistant to electric shocks. (rElec)
You can survive without breathing.
You are immune to petrification.
You are immune to rotting.


Message History

The orc priest calls down the wrath of Beogh upon you.
Beogh smites you!
The leopard gecko skeleton barely misses you.
An orc comes into view. It is wielding a +0 flail.
The orc priest invokes the aid of Beogh against you.
Beogh smites you!
* * * LOW HITPOINT WARNING * * *
The orc wizard looks encouraged for a moment.
You closely miss the orc.
The orc shouts!
You slash the orc!
You kill the orc!
Trog accepts your kill.
You slash the leopard gecko skeleton!
You destroy the leopard gecko skeleton!
Trog accepts your kill. The orc barely misses you.
The orc priest mumbles some strange prayers to Beogh against you.
Beogh smites you!
You die...

#.###.####.#######
.................+
#.###+####..######
.............##
...........#
...........#
........%..#
...........######.#
#########..@ooo...#
#...)oo...#
.....o......#
..(....#......o
.........#....o
(.####...#..... ..
#.).# .... #. ..
.#+#


You could see 3 orc priests, an orc wizard and 4 orcs.

Vanquished Creatures
  Sigmund (D:6)
  An ice beast (D:5)
  A sky beast (D:6)
  An ogre (D:6)
  Blork the orc (D:6)
  A centaur zombie (D:6)
  A crimson imp (D:6)
  2 hounds (D:6)
  An orc priest (D:6)
  2 orc wizards (D:6)
  Terence (D:3)
  2 killer bee zombies (D:6)
  6 adders
  A shadow imp (D:5)
  An ooze (D:2)
  A worm (D:2)
  2 dart slugs (D:1)
  5 leopard geckos
  3 orcs
  4 bats
  A giant cockroach (D:1)
  5 goblins
  6 hobgoblins
  6 jackals
  2 quokkas
  4 frilled lizards
  6 kobolds
  A leopard gecko skeleton (D:5)
  A leopard gecko zombie (D:5)
  3 rats (D:2)
73 creatures vanquished.

Notes
Turn   | Place    | Note
-------+----------+-------------------------------------------
     0 | D:1      | Fang the Gargoyle Berserker began the quest for the Orb.
     0 | D:1      | Reached XP level 1. HP: 14/14 MP: 1/1
   150 | D:1      | Reached XP level 2. HP: 19/19 MP: 2/2
   686 | D:2      | Reached XP level 3. HP: 22/24 MP: 3/3
   835 | D:2      | Reached XP level 4. HP: 22/29 MP: 4/4
   843 | D:2      | Reached ** piety under Trog
   988 | D:2      | Found a faded altar of an unknown god.
  1588 | D:3      | Noticed Terence
  1597 | D:3      | Killed Terence
  1597 | D:3      | Reached XP level 5. HP: 33/33 MP: 5/5
  1749 | D:3      | You fall through a shaft for 3 floors!
  1750 | D:6      | Found Xauf's Food Boutique.
  2021 | D:6      | Noticed Sigmund
  2028 | D:6      | Reached XP level 6. HP: 39/39 MP: 6/6
  2035 | D:6      | Killed Sigmund
  2035 | D:6      | Reached skill level 5 in Fighting
  2038 | D:6      | Reached XP level 7. HP: 24/44 MP: 3/7
  2433 | D:6      | Found Naemibeneang's Magic Scroll Emporium.
  2464 | D:6      | Found a hazy altar of Hepliaklqana.
  2559 | D:6      | Found Kaepomad's Book Shop.
  2613 | D:6      | Noticed Blork the orc
  2630 | D:6      | Killed Blork the orc
  2773 | D:6      | Paralysed by fainting for 12 turns
  2806 | D:6      | Reached *** piety under Trog
  2874 | D:6      | Reached skill level 5 in Armour
  3025 | D:6      | Found Reqyuq's Jewellery Boutique.
  3028 | D:6      | Bought an uncursed ring of see invisible for 225 gold
                  | pieces
  3084 | D:6      | Found a stormy altar of Qazlal.
  3091 | D:5      | Entered Level 5 of the Dungeon
  3132 | D:5      | Reached XP level 8. HP: 29/51 MP: 6/8
  3176 | D:5      | Killed from afar by an orc priest

Skill      XL: |  1  2  3  4  5  6  7 |
---------------+----------------------+-----
Axes           | 3 4 |  4.9
Dodging        | 2 3 |  3.9
Armour         | 3 4 5 |  5.3
Fighting       | 4 5 |  5.9

Action                   |  1- 3 |  4- 6 |  7- 9 || total
-------------------------+-------+-------+-------++-------
Melee: Hand axe          |    99 |   113 |   135 ||   347
Invok: Berserk           |       |     2 |     3 ||     5
  Eat: Chunk             |       |     4 |     3 ||     7
       Ration            |       |       |     2 ||     2
Armor: Animal skin       |    23 |       |       ||    23
       Chain mail        |    39 |   107 |   118 ||   264
Dodge: Dodged            |    71 |    69 |    62 ||   202
